 Dungeon Crawl Stone Soup version 0.20.0-10-g0535bb4 (webtiles) character file.

10024 grindst0ne the Protected (level 11, -7/72 HPs)
             Began as a Gargoyle Fighter on June 3, 2017.
             Was a High Priest of Okawaru.
             Mangled by a red ugly thing (23 damage)
             ... on level 11 of the Dungeon.
             The game lasted 00:32:08 (13705 turns).

grindst0ne the Protected (Gargoyle Fighter)        Turns: 13705, Time: 00:32:09

Health: -7/72      AC: 32    Str: 21    XL:     11   Next: 55%
Magic:  17/17      EV:  6    Int: 10    God:    Okawaru [*****.]
Gold:   653        SH:  9    Dex: 12    Spells: 10/10 levels left

rFire    . . .     SeeInvis .   t - +1 flail (protect)
rCold    . . .     Gourm    .   c - +0 shield
rNeg     + + .     Faith    .   P - +0 plate armour
rPois    ∞         Spirit   .   (no helmet)
rElec    +         Reflect  .   S - +0 cloak
rCorr    .         Harm     .   (no gloves)
MR       .....                  (no boots)
Stlth    ..........             I - amulet of rage
Regen    0.3/turn               d - ring of positive energy
MPRegen  0.2/turn               x - ring of flight

@: protection aura
A: hooves 1, yellow scales 1, blink, negative energy resistance 1, electricity
resistance, strong 1, unbreathing, petrification resistance, rot immunity, AC +7
a: Blink, Heroism, Finesse, Renounce Religion, Evoke Berserk Rage, Evoke Flight


You were on level 11 of the Dungeon.
You worshipped Okawaru.
Okawaru was extremely pleased with you.
You were not hungry.

You visited 1 branch of the dungeon, and saw 11 of its levels.

You collected 653 gold pieces.

Inventory:

Hand Weapons
 a - a +0 flail
 t - a +1 flail of protection (weapon)
Missiles
 j - a throwing net (quivered)
Armour
 b - a +0 scale mail
 c - a +0 shield (worn)
 g - a +0 chain mail
 C - a +0 cloak of magic resistance
 P - a +0 plate armour (worn)
 S - a +0 cloak (worn)
Jewellery
 d - a ring of positive energy (left hand)
 x - a ring of flight (right hand)
 y - an uncursed amulet of guardian spirit
 B - an uncursed ring of magical power
 I - an amulet of rage (around neck)
Wands
 v - a wand of random effects (9/48)
 G - a wand of iceblast (0/15)
 O - a wand of lightning (0/15)
Scrolls
 e - 4 scrolls of identify
 k - 3 scrolls of enchant weapon
 l - 3 scrolls of immolation
 n - 2 scrolls of remove curse
 o - 2 scrolls of enchant armour
 p - 3 scrolls of fear
 r - 2 scrolls of magic mapping
 s - a scroll of random uselessness
 w - 4 scrolls of teleportation
 A - a scroll of blinking
 D - a scroll of amnesia {unknown}
 F - a scroll of fog {unknown}
 L - a scroll of recharging {unknown}
 N - 2 scrolls of vulnerability {unknown}
Potions
 h - a potion of haste
 i - a potion of flight
 m - a potion of brilliance
 q - a potion of mutation
 z - 2 potions of agility
 J - a potion of resistance
 K - 3 potions of curing
 M - 2 potions of lignification
 R - 2 potions of cancellation {unknown}
Books
 H - a book of Changes

   Spells                             Type                      Level
   a - Beastly Appendage              Transmutation                1
   b - Sticks to Snakes               Transmutation                2
   c - Spider Form                    Transmutation/Poison         3
   d - Ice Form                       Ice/Transmutation            4
   e - Blade Hands                    Transmutation                5
Comestibles
 f - 4 bread rations
 u - 7 meat rations
 E - 11 royal jellies
 Q - 4 fruits
 T - 5 chunks of flesh


   Skills:
 - Level 10.0 Fighting
 - Level 2.0 Maces & Flails
 - Level 10.7 Armour
 - Level 5.0 Dodging
 - Level 3.2 Shields
 - Level 7.0 Invocations
 + Level 8.0 Evocations


You had 10 spell levels left.
You didn't know any spells.

Dungeon Overview and Level Annotations

Branches:
Dungeon (11/15)            Temple (0/1) D:5            Lair (0/6) D:10
    Orc: D:9-12

Altars:
Ashenzari
Elyvilon
Makhleb
Okawaru
Trog
Xom
Yredelemnul
The Shining One

Shops:
D:9 (

Portals:
Ice
Cave: D:11


Innate Abilities, Weirdness & Mutations

You are resistant to torment.
Your stone body is resilient. (AC +7)
You are immune to poison.
You resist negative energy. (rN+)
You are resistant to electric shocks. (rElec)
You can survive without breathing.
You are immune to petrification.
You are immune to rotting.
You have large cloven feet.
You are partially covered in yellow scales. (AC +2)
You can translocate small distances at will.
Your muscles are strong. (Str +2)


Message History

You block the red ugly thing's attack.
You sock the red ugly thing!
The red ugly thing is moderately wounded.
The red ugly thing kicks you but does no damage.
You hit the red ugly thing but do no damage.
You kick the red ugly thing, but do no damage.
The red ugly thing is moderately wounded.
The red ugly thing kicks you.
You are engulfed in flames!!
The red ugly thing kicks you but does no damage.
You sock the red ugly thing!
You kick the red ugly thing, but do no damage.
The red ugly thing is heavily wounded.
You block the red ugly thing's attack.
Your shield and plate armour prevent you from hitting the red ugly thing.
You kick the red ugly thing, but do no damage.
The red ugly thing is heavily wounded.
The red ugly thing kicks you!
* * * LOW HITPOINT WARNING * * *
You are engulfed in flames!!
You die...

,,,*** ##.## #.* **,* #.#
#.####### **,**** #.#
#.#.....# ,,,,,,* ##'##
#.(.....# **,**,* ##...##
##...#..## #.**,* ##.....##
#...#.#..# #..#,* ##.......##
#..#.∩.#,*
##....###.......<.###...#.#..#
........'.)....u@.'...)..#..##
......###.........####.....##
##..#** ##.......## #..####
*#.***** ##.....##***#.##*
,,,,,,,* ##...## *,,...,*
**,***,* ##'## *,##.#,*
**,***,**** #.# *,*#.#,*
**,,>,,,,,* #.# *,*#..,*
******,**,*##.## *,*##*,*


You could see a red ugly thing.

Vanquished Creatures
  The ghost of braks the Transmogrifier, a novice DrTm (D:9)
  An elephant (D:10)
  Joseph (D:9)
  2 trolls
  A hippogriff (D:8)
  2 wyverns
  A basilisk (D:10)
  2 yaks
  3 hogs (D:7)
  A hungry ghost (D:10)
  A human (D:7)
  2 water moccasins
  4 orc warriors
  3 sky beasts
  3 ice beasts
  7 ogres
  A black bear (D:7)
  2 phantoms
  A necrophage (D:10)
  2 crocodiles
  11 centaurs
  7 big kobolds
  6 bullfrogs
  2 wyvern skeletons
  3 scorpions
  11 killer bees
  5 wights (D:9)
  3 howler monkeys (D:8)
  5 crimson imps
  A centaur zombie (D:10)
  A quasit (D:11)
  2 bullfrog zombies
  4 jellies
  8 orc priests
  5 hounds
  Crazy Yiuf (D:4)
  2 gnoll shamans (D:7)
  4 bullfrog skeletons
  2 iguanas
  4 orc wizards
  7 worker ants
  A killer bee zombie (D:10)
  A centaur simulacrum (D:10)
  A hound skeleton (D:10)
  2 worker ant zombies
  10 gnolls
  8 adders
  A shadow imp (D:7)
  An ooze (D:4)
  An adder skeleton (D:9)
  3 worms
  A dart slug (D:1)
  10 leopard geckos
  33 orcs
  4 bats
  8 giant cockroaches
  13 goblins
  4 hobgoblins
  8 quokkas
  2 ball pythons
  4 frilled lizards
  33 kobolds
  9 rats
293 creatures vanquished.

Vanquished Creatures (others)
  A plant (D:10)
1 creature vanquished.

Grand Total: 294 creatures vanquished

Notes
Turn   | Place    | Note
-------+----------+-------------------------------------------
     0 | D:1      | grindst0ne the Gargoyle Fighter began the quest for the Orb.
     0 | D:1      | Reached XP level 1. HP: 14/14 MP: 1/1
   234 | D:1      | Reached XP level 2. HP: 12/20 MP: 2/2
   851 | D:2      | Reached XP level 3. HP: 19/24 MP: 3/3
  1325 | D:2      | Reached skill level 5 in Fighting
  1507 | D:2      | Reached XP level 4. HP: 24/31 MP: 4/4
  1795 | D:3      | Found a shimmering altar of Xom.
  1804 | D:3      | Found a shattered altar of Ashenzari.
  2193 | D:4      | Reached XP level 5. HP: 24/36 MP: 5/5
  2528 | D:4      | Noticed an ogre
  2545 | D:4      | Killed an ogre
  2545 | D:4      | Reached XP level 6. HP: 12/44 MP: 6/6
  3363 | D:4      | Reached skill level 5 in Armour
  3363 | D:4      | Reached XP level 7. HP: 48/48 MP: 7/7
  3529 | D:4      | Found a runed door.
  3683 | D:4      | Noticed Crazy Yiuf
  3687 | D:4      | Killed Crazy Yiuf
  3757 | D:5      | Entered Level 5 of the Dungeon
  3770 | D:5      | Found a white marble altar of Elyvilon.
  3941 | D:5      | Found a staircase to the Ecumenical Temple.
  4045 | D:5      | Reached XP level 8. HP: 39/53 MP: 8/8
  4176 | D:5      | Found an iron altar of Okawaru.
  4186 | D:5      | Became a worshipper of Warmaster Okawaru
  4998 | D:6      | You fall through a shaft for 2 floors!
  5151 | D:7      | Reached skill level 10 in Armour
  5644 | D:6      | Reached * piety under Okawaru
  5966 | D:6      | Reached XP level 9. HP: 39/57 MP: 9/9
  5974 | D:6      | Reached skill level 1 in Invocations
  5974 | D:6      | Reached skill level 1 in Evocations
  6563 | D:7      | Reached ** piety under Okawaru
  6603 | D:7      | Gained mutation: You are partially covered in yellow scales. (AC +2) [potion of mutation]
  6603 | D:7      | Gained mutation: Your muscles are strong. (Str +2) [potion of mutation]
  6603 | D:7      | Gained mutation: You can translocate small distances at will. [potion of mutation]
  6603 | D:7      | Gained mutation: You have large cloven feet. [potion of mutation]
  6607 | D:7      | Reached skill level 5 in Invocations
  7210 | D:7      | Found a bloodstained altar of Trog.
  7223 | D:7      | Reached skill level 5 in Evocations
  7223 | D:7      | Reached XP level 10. HP: 56/63 MP: 14/14
  7642 | D:7      | Reached *** piety under Okawaru
  7690 | D:7      | Found a bloodstained altar of Trog.
  7904 | D:7      | Found a basalt altar of Yredelemnul.
  8263 | D:8      | Found a burning altar of Makhleb.
  8611 | D:8      | Reached skill level 1 in Dodging
  8991 | D:9      | Found a glowing golden altar of the Shining One.
  9134 | D:9      | Noticed Joseph
  9150 | D:9      | Killed Joseph
  9342 | D:9      | Noticed braks's ghost (novice DrTm)
  9410 | D:9      | Killed braks's ghost
  9410 | D:9      | Reached **** piety under Okawaru
  9680 | D:9      | Found Viytel's Weapon Shop.
  9719 | D:9      | Reached skill level 5 in Dodging
 10935 | D:9      | Reached XP level 11. HP: 62/69 MP: 16/16
 11293 | D:10     | Entered Level 10 of the Dungeon
 11968 | D:9      | Reached skill level 10 in Fighting
 12262 | D:10     | Reached ***** piety under Okawaru
 13274 | D:10     | Found a staircase to the Lair.
 13637 | D:11     | Found a frozen archway.
 13685 | D:11     | Noticed a red ugly thing
 13705 | D:11     | Mangled by a red ugly thing

Skill      XL: |  1  2  3  4  5  6  7  8  9 10 11 |
---------------+----------------------------------+-----
Fighting       | 4 5 6 7 8 10 | 10.0
Armour         | 5 7 10 | 10.7
Invocations    | 6 7 |  7.0
Evocations     | 5 6 8 |  8.0
Dodging        | 5 |  5.0
Maces & Flails | |  2.0
Shields        | |  3.2

Action                   |  1- 3 |  4- 6 |  7- 9 | 10-12 || total
-------------------------+-------+-------+-------+-------++-------
Melee: Flail             |   127 |   189 |   509 |  1015 ||  1840
       Kick              |       |       |    27 |   308 ||   335
 Abil: Evoke Berserk Rag |       |       |       |     2 ||     2
       Blink             |       |       |       |     1 ||     1
Evoke: Wand              |       |     2 |       |    12 ||    14
  Use: Potion            |       |       |    10 |     1 ||    11
       Scroll            |       |       |       |    12 ||    12
 Stab: Paralysed         |       |       |       |     9 ||     9
       Confused          |       |       |       |     1 ||     1
  Eat: Chunk             |     2 |     6 |    14 |    19 ||    41
       Bread ration      |       |       |       |     5 ||     5
Armor: Scale mail        |    76 |   123 |    96 |       ||   295
       Chain mail        |       |       |   314 |  1033 ||  1347
       Skin              |       |       |     1 |       ||     1
       Plate armour      |       |       |       |   130 ||   130
Dodge: Dodged            |    46 |    80 |   136 |   552 ||   814
Block: Shield            |    59 |   112 |   279 |   847 ||  1297
